 Dungeon Crawl Stone Soup version 0.30-a0-737-gf23d94013f (webtiles) character file.

Game seed: 5202851321478194468

391 Leeroy the Magician (level 6, -3/30 HPs)
             Began as a Vine Stalker Warper on Jan 31, 2023.
             Slain by Blork the orc
             ... wielding a +0 glaive
              (9 damage)
             ... on level 4 of the Dungeon on Feb 1, 2023.
             The game lasted 00:05:47 (2945 turns).

Leeroy the Magician (Vine Stalker Warper)           Turns: 2945, Time: 00:05:48

Health: -3/30      AC:  4    Str: 13    XL:     6   Next: 80%
Magic:  0/16       EV: 12    Int: 13    God:
Gold:   170        SH:  0    Dex: 16    Spells: 8/17 levels left

rFire   . . .      SeeInvis .    a - +0 falchion
rCold   + . .      Faith    .    (no shield)
rNeg    . . .      Spirit   +    u - +2 robe {rC+}
rPois   .          Reflect  .    (no helmet)
rElec   .          Harm     .    (no cloak)
rCorr   .          Rampage  .    (no gloves)
Will    +....                    (no boots)
Stlth   +                        (no amulet)
HPRegen 1.05/turn                (no ring)
MPRegen 0.15/turn                (no ring)

@: no status effects
A: fangs 2, regeneration 1, magic shield, antimagic bite, no potion heal 2,
strong-willed 1
a: no special abilities


You were on level 4 of the Dungeon.
You visited 1 branch of the dungeon, and saw 4 of its levels.

You collected 170 gold pieces.

Inventory:

Hand Weapons
 a - a +0 falchion (weapon)
 v - a +2 vampiric whip
Missiles
 d - 5 boomerangs of dispersal (quivered)
 m - 5 poisoned darts
 w - 2 boomerangs
Armour
 b - a +0 leather armour
 t - a +1 robe of fire resistance
 u - a +2 robe of cold resistance (worn)
Magical Staves
 e - a staff of cold
Scrolls
 c - 3 scrolls of blinking
 i - 3 scrolls of identify
 k - 2 scrolls of fog
 o - a scroll of fear {unknown}
 p - 2 scrolls of teleportation {unknown}
 r - a scroll of enchant weapon {unknown}
 s - a scroll of noise {unknown}
Potions
 f - a potion of curing
 g - a potion of might {unknown}
 h - 2 potions of lignification
 j - 2 potions of attraction {unknown}
 l - a potion of cancellation {unknown}
 n - a potion of heal wounds {unknown}
 q - 2 potions of mutation


   Skills:
 - Level 1.7 Fighting
 - Level 3.2 Long Blades
 - Level 0.8 Throwing
 - Level 0.7 Armour
 - Level 1.5 Dodging
 + Level 6.4 Spellcasting
 - Level 3.0 Translocations


You had 8 spell levels left.
You knew the following spells:

 Your Spells              Type           Power      Damage    Failure   Level
a - Blink                 Tloc           22%        N/A       7%          2
b - Vhi's Electric Charg  Tloc/Air       16%        N/A       26%         3
c - Manifold Assault      Tloc           11%        N/A       43%         4

Your spell library contained the following spells:

 Spells                   Type           Power      Damage    Failure   Level
 Lesser Beckoning         Tloc           22%        N/A       7%          2
 Teleport Other           Tloc           11%        N/A       14%         3
 Sting                    Tmut/Pois      16%        1d3       16%         1
 Poisonous Vapours        Pois/Air       8%         N/A       24%         2
 Static Discharge         Conj/Air       8%         2-3/arc   24%         2
 Olgreb's Toxic Radiance  Pois           4%         N/A       85%         4
 Arcjolt                  Conj/Air       2%         1d12      99%         5
 Lightning Bolt           Conj/Air       2%         1d13      99%         5
 Dispersal                Tloc           5%         N/A       100%        6
 Disjunction              Tloc           5%         N/A       100%        8
 Maxwell's Capacitive Co  Air            2%         ∞         100%        8


Dungeon Overview and Level Annotations

Branches:
Dungeon (4/15)
 Temple: D:4-7

Altars:
Dithmenos
Kikubaaqudgha
The Shining One

Shops:
D:1 =   D:3 *

Annotations:
D:3 1 runed translucent door, kae's ghost, amateur DsTm
D:4 Blork the orc; Eustachio


Innate Abilities, Weirdness & Mutations

You have extremely sharp teeth.
Your natural rate of healing is unusually fast.
When hurt, damage is shared between your health and your magic reserves.
Your bite disrupts and absorbs the magic of your enemies.
Potions cannot restore your health.
You are strong-willed. (Will+)


Message History

You feel less wooden.
Your +2 robe of cold resistance unmelds from your body.
You feel resistant to cold.
You start resting.
HP restored.
You start resting.
Magic restored.
Items here: ))) [ ††.
You see here a +0 leather armour.
Eustachio the Magnificent comes into view.
He is wielding a +0 rapier of venom.
Eustachio is nearby!
There is a stone staircase leading down here.
Blork the orc is nearby!
Cast which spell? (? or * to list)
The spell is quite dangerous to miscast (26% risk of failure)!
Continue anyway?
Charge where?
Press: ? - help, Dir - move target, f - Blork the orc
Aim: Blork the orc, wielding a +0 glaive, wearing a +0 robe and carrying a wand of quicksilver (8) (wandering, hasn't noticed you, 82% to hit)
You charge forward with an electric crackle!
You barely miss Blork the orc.
Blork the orc zaps a wand.
The bolt of dispelling energy hits you!!
You hit Blork the orc. Your bite misses Blork the orc.
Blork the orc is lightly wounded.
Blork the orc barely misses you.
You hit Blork the orc.
You bite Blork the orc, but do no damage.
Blork the orc is lightly wounded.
Blork the orc gestures at you while chanting.
The puff of frost hits you. You resist.
You hit Blork the orc.
Blork the orc is moderately wounded.
Blork the orc hits you with a +0 glaive!
You hit Blork the orc.
Blork the orc is moderately wounded.
Blork the orc hits you with a +0 glaive!
* * * LOW HITPOINT WARNING * * *
You hit Blork the orc.
Blork the orc is moderately wounded.
Blork the orc hits you with a +0 glaive!
You die...

..##o# #.
..###.# #.
###.# #.# #.
....## #.# #.
...... #.# #.
#...... #<# #.
##.......
#######.
###o.......
#.......
###..@.......
#....... ###
#............
#.......
..#######
#............
#.......
#.......#
###..#.......
########
#.......#
###..##.......
#.......#
#...## .......
#.......#
#.### #######
#.......# #.#
..####.##
#.###########


You could see Blork the orc.

Vanquished Creatures
  Sigmund (D:4)
  3 orc wizards
  5 adders
  2 worms (D:2)
  3 dart slugs
  10 orcs
  4 ball pythons
  5 bats
  8 endoplasms
  5 giant cockroaches
  8 goblins
  7 hobgoblins
  7 kobolds
  5 quokkas
  2 frilled lizards (D:1)
  8 rats
83 creatures vanquished.

Notes
Turn   | Place    | Note
-------+----------+-------------------------------------------
     0 | D:1      | Leeroy the Vine Stalker Warper began the quest for the Orb.
     0 | D:1      | Reached XP level 1. HP: 11/11 MP: 4/4
   118 | D:1      | Upgraded the game from 0.30-a0-728-gc68057be0a to
                  | 0.30-a0-737-gf23d94013f
   168 | D:1      | Found a faded altar of an unknown god.
   213 | D:1      | Reached XP level 2. HP: 13/15 MP: 6/6
   367 | D:1      | Found Ivebluoll's Jewellery Emporium.
   542 | D:1      | Reached XP level 3. HP: 18/18 MP: 7/7
   546 | D:1      | Learned a level 2 spell: Blink
   550 | D:1      | Learned a level 3 spell: Vhi's Electric Charge
  1312 | D:2      | Reached skill level 3 in Spellcasting
  1337 | D:2      | Gained mutation: Your natural rate of healing is unusually
                  | fast. [Vine Stalker growth]
  1337 | D:2      | Reached XP level 4. HP: 19/23 MP: 7/9
  1585 | D:2      | Learned a level 4 spell: Manifold Assault
  1700 | D:2      | Found a glowing golden altar of the Shining One.
  1763 | D:3      | Reached skill level 4 in Spellcasting
  1796 | D:3      | Found a shadowy altar of Dithmenos.
  1818 | D:3      | Reached XP level 5. HP: 24/26 MP: 10/12
  1876 | D:3      | Found a runed translucent door.
  1980 | D:3      | Noticed kae's ghost (amateur DsTm)
  2015 | D:3      | Found Pithruits's Assorted Antiques.
  2418 | D:4      | Noticed Blork the orc
  2598 | D:3      | Reached skill level 5 in Spellcasting
  2630 | D:4      | Noticed Sigmund
  2657 | D:4      | Killed Sigmund
  2658 | D:4      | Reached skill level 6 in Spellcasting
  2658 | D:4      | Reached XP level 6. HP: 23/30 MP: 10/16
  2701 | D:4      | Found an ancient bone altar of Kikubaaqudgha.
  2780 | D:4      | Gained mutation: You are strong-willed. (Will+) [potion of
                  | mutation]
  2916 | D:4      | Noticed Eustachio
  2945 | D:4      | Slain by Blork the orc

Illustrated notes

Levels and vault maps discovered:
D:1:      nzn_arrival_settlement, layout_loops_ring, serial_shops,
          nicolae_shop_hallway_plus, ebering_ecumenical_altar_petrified,
          corexii_item_surrounded_by_moat, chequers_serial_rivers_small_b
D:2:      layout_rooms, basic_altar, minmay_joined_circles
D:3:      layout_rooms, grunt_dithmenos_smoke, serial_shops,
          nicolae_shop_overgrown_old_shop, hellmonk_ghost_happy_afterlife
D:4:      layout_basic, mainiacjoe_overflow_brackets, st_stairs_7,
          nzn_random_ring, uniq_eustachio, uniq_blork_the_orc, uniq_sigmund

Skill      XL: |  1  2  3  4  5 |
---------------+----------------+-----
Long Blades    | 2 3 |  3.2
Spellcasting   | 3 4 6 |  6.4
Fighting       | |  1.7
Throwing       | |  0.8
Armour         | |  0.7
Dodging        | |  1.5
Translocations | |  3.0

Action                     |  1- 3 |  4- 6 || total
---------------------------+-------+-------++-------
  Melee: Falchion          |   120 |   167 ||   287
         Bite              |    28 |    33 ||    61
         Punch             |     1 |     2 ||     3
  Throw: Boomerang         |       |     2 ||     2
   Cast: Vhi's Electric Ch |       |     1 ||     1
    Use: Potion            |       |     3 ||     3
         Scroll            |       |     1 ||     1
 Armour: Leather armour    |    43 |    25 ||    68
         Robe              |       |    11 ||    11
         Skin              |       |    26 ||    26
  Dodge: Dodged            |    83 |    86 ||   169

Table legend: (Time is in decaauts)
 A = Elapsed time spent in this place.
 B = Non-inter-level travel time spent in this place.
 C = Inter-level travel time spent in this place.
 D = Time resting spent in this place.
 E = Time spent auto-exploring this place.
 F = Levels seen in this place.
 G = Mean time per level.
                   A        B        C        D        E       F      G
               +--------+--------+--------+--------+--------+-----+--------+
         Total |   2992 |   2901 |     91 |    155 |   2003 |   4 |  748.0 |
       Dungeon |   2992 |   2901 |     91 |    155 |   2003 |   4 |  748.0 |
               +--------+--------+--------+--------+--------+-----+--------+

Top non-repeatable levels by time:
     D:1: 1136 daAuts
     D:3: 738 daAuts
     D:2: 631 daAuts
     D:4: 486 daAuts
